 Dungeon Crawl Stone Soup version 0.22.1-1-ga44c0e56f4 (webtiles) character file.

3201 Kristenmann the Skirmisher (level 9, 0/78 HPs)
             Began as a Centaur Gladiator on Oct 3, 2018.
             Was an Initiate of Gozag.
             Slain by a troll (9 damage)
             ... on level 9 of the Dungeon.
             The game lasted 01:01:04 (8475 turns).

Kristenmann the Skirmisher (Centaur Gladiator)      Turns: 8475, Time: 01:01:04

Health: 0/78       AC: 10    Str: 20    XL:     9   Next: 65%
Magic:  9/9        EV: 12    Int:  7    God:    Gozag
Gold:   606        SH:  8    Dex: 11    Spells: 8/8 levels left

rFire    . . .     SeeInvis +   t - +3 short sword
rCold    + . .     Gourm    .   u - +0 shield
rNeg     . . .     Faith    .   s - +1 leather armour {rC+}
rPois    .         Spirit   .   m - +0 helmet
rElec    .         Reflect  .   P - +2 cloak
rCorr    .         Harm     .   (no gloves)
MR       .....                  (no barding)
Stlth    +.........             (no amulet)
HPRegen  0.23/turn              Q - +3 ring of evasion
MPRegen  0.11/turn              p - ring of see invisible

@: gold aura, starving, very quick
A: large, hooves 3, deformed body, speed 2, tough skin 3
a: Potion Petition, Call Merchant, Bribe Branch, Renounce Religion


You were on level 9 of the Dungeon.
You worshipped Gozag.
Gozag was pleased with you.
You were starving.

You visited 1 branch of the dungeon, and saw 9 of its levels.
You also visited: Sewer.

You collected 878 gold pieces.
You spent 200 gold pieces at shops.
You paid 72 gold pieces to Gozag.

Inventory:

Hand Weapons
 a - a +0 flail
 g - a +0 whip
 n - a +0 flail
 t - a +3 short sword (weapon)
 K - a +0 shortbow
 O - a +4 quarterstaff of chaos
Missiles
 e - 63 bolts
 k - 61 poisoned needles
 r - 138 arrows
 z - 5 tomahawks (quivered)
Armour
 b - a +0 leather armour
 c - a +0 helmet
 m - a +0 helmet (worn)
 o - a scarf of spirit shield
 s - a +1 leather armour of cold resistance (worn)
 u - a +0 shield (worn)
 L - a scarf of repulsion
 P - a +2 cloak (worn)
Jewellery
 j - an uncursed ring of fire
 p - a ring of see invisible (right hand)
 E - an uncursed amulet of the gourmand
 Q - a +3 ring of evasion (left hand)
Wands
 A - a wand of iceblast (5)
 B - a wand of polymorph (8)
Scrolls
 d - a scroll of fear {unknown}
 f - a scroll of fog {unknown}
 h - 3 scrolls of remove curse {unknown}
 v - 7 scrolls of teleportation
 w - a scroll of amnesia {unknown}
 x - 3 scrolls of enchant armour {unknown}
 y - 3 scrolls of identify
 C - 3 scrolls of random uselessness {unknown}
 F - a scroll of blinking {unknown}
 H - a scroll of magic mapping {unknown}
 N - a scroll of immolation {unknown}
Potions
 i - a potion of cancellation {unknown}
 l - 3 potions of curing
 q - 2 potions of degeneration
 G - 2 potions of might
 I - 3 potions of brilliance
 M - a potion of resistance


   Skills:
 * Level 6.6 Fighting
 + Level 5.5 Short Blades
 * Level 6.3 Maces & Flails
 + Level 2.0 Bows
 + Level 3.5 Throwing
 + Level 3.1 Armour
 + Level 4.2 Dodging
 + Level 1.1 Stealth
 + Level 2.2 Shields


You had 8 spell levels left.
You didn't know any spells.
Your spell library contained the following spells:

 Spells                   Type           Power        Failure   Level  Hunger
 Magic Dart               Conj           #...         93%         1    ##.....
 Blink                    Tloc           N/A          98%         2    ###....
 Call Imp                 Summ           #.......     98%         2    ###....
 Slow                     Hex            #.......     98%         2    ###....
 Conjure Flame            Conj/Fire      #.......     100%        3    ####...
 Mephitic Cloud           Conj/Pois/Air  #.......     100%        3    ####...


Dungeon Overview and Level Annotations

Branches:
Dungeon (9/15)             Temple (0/1) D:5
   Lair: D:8-11         Orc: D:9-12

Altars:
Gozag

Shops:
D:4 [   D:5 **   D:7 (=!


Innate Abilities, Weirdness & Mutations

You have hooves in place of feet.
Armour fits poorly on your strangely shaped body.
You cover ground very quickly.
You have extremely tough skin. (AC +3)


Message History

Grum is almost dead.
You block Grum's attack.
You closely miss Grum.
Grum is almost dead.
You hit Grum but do no damage. You kick Grum.
Grum is almost dead.
Grum misses you.
You hit Grum but do no damage. You kick Grum.
You kill Grum!
You hit the troll. You kick the troll.
The troll is moderately wounded.
You feel a little less agile now. The troll bites you.
* * * LOW HITPOINT WARNING * * *
The troll misses you. You block the troll's attack.
You completely miss the troll. Your kick misses the troll.
The troll is lightly wounded.
The troll barely misses you. The troll closely misses you. The troll claws you!
You die...
Your body crumbles into a pile of gold.

#. #. #.
#################.
#.................
#...............##
#.############..#
#.# #..# #@# #..#
#T# #..# #.# #..#
#........ ....
#........ ....
#....H...
#....h...
#........
#........


You could see a troll.

Vanquished Creatures
  2 hippogriffs
  Grum (D:9)
  A hungry ghost (D:7)
  An orc warrior (D:8)
  Purgy (Sewer)
  2 phantoms
  4 wolves (D:9)
  3 ogres
  3 centaurs
  A crocodile (D:6)
  2 bullfrogs
  5 scorpions
  A howler monkey (D:5)
  4 crimson imps
  A bullfrog zombie (D:6)
  A jelly (D:4)
  2 orc priests
  A hound (D:6)
  Crazy Yiuf (D:6)
  3 orc wizards
  5 iguanas
  3 worker ants
  2 hound zombies (D:7)
  A hound skeleton (D:4)
  5 gnolls
  11 adders
  2 oozes
  An adder zombie (D:7)
  6 worms
  A dart slug (D:1)
  8 leopard geckos
  9 orcs
  9 bats
  6 giant cockroaches
  6 goblins
  11 hobgoblins
  4 jackals (D:3)
  6 kobolds
  4 quokkas
  5 ball pythons
  4 frilled lizards
  A giant cockroach zombie (D:6)
  A jackal skeleton (D:6)
  2 leopard gecko skeletons (D:7)
  15 rats
  A plant (D:1)
169 creatures vanquished.

Notes
Turn   | Place    | Note
-------+----------+-------------------------------------------
     0 | D:1      | Kristenmann the Centaur Gladiator began the quest for the
                  | Orb.
     0 | D:1      | Reached XP level 1. HP: 17/17 MP: 1/1
   110 | D:1      | Reached XP level 2. HP: 24/24 MP: 2/2
   381 | D:1      | Reached XP level 3. HP: 30/30 MP: 3/3
  1489 | D:2      | Reached XP level 4. HP: 34/37 MP: 2/4
  2680 | D:3      | Reached XP level 5. HP: 45/45 MP: 5/5
  2885 | D:4      | Found Teozyete's Armour Shoppe.
  3181 | D:4      | Reached skill level 1 in Short Blades
  3181 | D:4      | Reached skill level 1 in Armour
  3300 | D:4      | Noticed an ogre
  3311 | D:4      | Killed an ogre
  3311 | D:4      | Reached XP level 6. HP: 35/51 MP: 4/6
  3758 | D:4      | Reached XP level 7. HP: 38/58 MP: 4/7
  3924 | D:5      | Entered Level 5 of the Dungeon
  3971 | D:5      | Found Gozag's Platinum Reserve.
  4071 | D:5      | Found a staircase to the Ecumenical Temple.
  4162 | D:5      | Found an opulent altar of Gozag.
  4185 | D:5      | Became a worshipper of Gozag Ym Sagoz the Greedy
  4300 | D:5      | Found Meonluwk's Assorted Antiques.
  4304 | D:5      | Bought a twisted diamond amulet for 130 gold pieces
  4707 | D:5      | Found a glowing drain.
  4715 | Sewer    | Entered a sewer
  4742 | Sewer    | Noticed Purgy
  4764 | Sewer    | Killed Purgy
  5404 | D:6      | Reached skill level 5 in Maces & Flails
  5412 | D:6      | Reached skill level 1 in Shields
  5412 | D:6      | Reached XP level 8. HP: 19/67 MP: 3/8
  5825 | D:6      | Reached skill level 5 in Fighting
  6365 | D:6      | Found a runed door.
  6369 | D:6      | Noticed Crazy Yiuf
  6375 | D:6      | Killed Crazy Yiuf
  6641 | D:7      | Found Nudus's Distillery.
  6650 | D:7      | Bought a potion of heal wounds for 70 gold pieces
  6770 | D:7      | Found Feytsatugg's Jewellery Shoppe.
  6771 | D:7      | Noticed a hippogriff
  6792 | D:7      | Reached skill level 1 in Stealth
  6855 | D:7      | Killed a hippogriff
  7039 | D:7      | Found Xerecin's Antique Weapon Shop.
  7369 | D:7      | Reached XP level 9. HP: 49/75 MP: 9/9
  7676 | D:7      | HP: 3/75 [orc warrior/mace (18)]
  7747 | D:8      | Reached skill level 5 in Short Blades
  7832 | D:8      | HP: 1/75 [phantom (8)]
  8286 | D:9      | Reached skill level 1 in Bows
  8307 | D:9      | Noticed an elephant
  8413 | D:9      | Noticed Grum
  8440 | D:9      | Noticed a troll
  8473 | D:9      | Killed Grum
  8475 | D:9      | Slain by a troll

Skill      XL: |  1  2  3  4  5  6  7  8  9 |
---------------+----------------------------+-----
Maces & Flails | 3 4 5 6 |  6.3
Fighting       | 3 4 5 6 |  6.6
Short Blades   | 1 2 3 4 5 |  5.5
Armour         | 1 2 3 |  3.1
Dodging        | 3 4 |  4.2
Shields        | 1 2 |  2.2
Stealth        | 1 |  1.1
Throwing       | 3 |  3.5
Bows           | 2 |  2.0

Action                   |  1- 3 |  4- 6 |  7- 9 || total
-------------------------+-------+-------+-------++-------
Melee: Flail             |    32 |       |       ||    32
       Whip              |   125 |    41 |       ||   166
       Kick              |    43 |    45 |   119 ||   207
       Short sword       |       |   124 |   400 ||   524
 Fire: Shortbow          |       |       |     6 ||     6
Throw: Throwing net      |     1 |     2 |     1 ||     4
       Tomahawk          |       |       |    32 ||    32
Invok: Potion Petition   |       |       |     1 ||     1
  Use: Scroll            |     1 |     1 |     6 ||     8
       Potion            |       |     2 |     6 ||     8
 Stab: Held in net/web   |       |     2 |       ||     2
       Distracted        |       |       |     1 ||     1
       Sleeping          |       |       |     1 ||     1
  Eat: Ration            |       |     2 |     5 ||     7
Armor: Leather armour    |    37 |    45 |   106 ||   188
Dodge: Dodged            |    50 |    39 |   141 ||   230
Block: Shield            |       |    30 |   125 ||   155
